 Dungeon Crawl Stone Soup version 0.27-a0-1423-ge5d6b6ab6a (webtiles) character file.

Game seed: 6887231693494953084

94393 Nosferatu13666 the Unseen (level 15, -4/83 HPs)
             Began as a Spriggan Enchanter on July 2, 2021.
             Was the Champion of Dithmenos.
             Killed from afar by Azrael (34 damage)
             ... with damnation
             ... on level 2 of the Orcish Mines.
             The game lasted 01:30:20 (33295 turns).

Nosferatu13666 the Unseen (Spriggan Enchanter)     Turns: 33295, Time: 01:30:20

Health: -4/83      AC: 10    Str:  8    XL:     15   Next: 63%
Magic:  0/31       EV: 32    Int: 19    God:    Dithmenos [******]
Gold:   1861       SH:  0    Dex: 27    Spells: 17/37 levels left

rFire    + . .     SeeInvis +   l - +2 dagger (flame)
rCold    x . .     Faith    .   (shield restricted)
rNeg     . . .     Spirit   +   r - +0 steam dragon scales
rPois    +         Reflect  .   H - +2 hat
rElec    .         Harm     .   e - +2 cloak {rPois}
rCorr    .         Rampage  .   (gloves unavailable)
Will     ++...                  (boots unavailable) Stlth ****++++++
                                N - amulet "Toqiom" {Spirit Str+4 Int-5 Dex+6}
HPRegen  0.23/turn              w - +6 ring of intelligence
MPRegen  0.22/turn              K - ring of fire

@: very slightly contaminated, wreathed by umbra, very quick
A: very small, no large weapons, unfitting armour, see invisible, speed 3
a: Renounce Religion, Shadow Step, Shadow Form


You were on level 2 of the Orcish Mines.
You worshipped Dithmenos.
Dithmenos was exalted by your worship.
You visited 4 branches of the dungeon, and saw 24 of its levels.
You also visited: Gauntlet.

You collected 2037 gold pieces.
You spent 176 gold pieces at shops.

Inventory:

Hand Weapons
 a - a +2 dagger of freezing
 c - a +0 dagger of protection
 l - a +2 dagger of flaming (weapon)
 O - the +9 quarterstaff of Big Damage {vorpal, Fly rCorr Str+4}
   (You found it in a Gauntlet)

   It inflicts extra damage upon your enemies.
   Str:       It affects your strength (+4).
   Fly:       It grants you flight.
   rCorr:     It protects you from acid and corrosion.
Missiles
 v - 3 throwing nets
 D - 13 atropa-tipped darts
Armour
 b - a +0 robe
 e - a +2 cloak of poison resistance (worn)
 r - +0 steam dragon scales (worn)
 x - the +0 robe of Demonic Joy {-Cast rPois Will+ Str+2}
   (You bought it in a shop on level 9 of the Dungeon)

   Str:       It affects your strength (+2).
   rPois:     It protects you from poison.
   -Cast:     It prevents spellcasting.
   Will:      It increases your willpower.
 H - a +2 hat (worn)
Jewellery
 g - an amulet of magic regeneration
 w - a +6 ring of intelligence (left hand)
 B - an amulet of faith
 G - an amulet of guardian spirit
 J - a +4 ring of protection
 K - a ring of fire (right hand)
 M - a ring of willpower
 N - the amulet "Toqiom" (around neck) {Spirit Str+4 Int-5 Dex+6}
   (You found it in a Gauntlet)

   [amulet of guardian spirit]

   It causes incoming damage to be divided between your reserves of health and
   magic.
   Str:       It affects your strength (+4).
   Int:       It affects your intelligence (-5).
   Dex:       It affects your dexterity (+6).
Wands
 p - a wand of digging (15)
 q - a wand of iceblast (32)
 t - a wand of flame (59)
 u - a wand of mindburst (21)
 Q - a wand of polymorph (8)
 R - a wand of paralysis (8)
Scrolls
 m - 6 scrolls of teleportation
 y - 3 scrolls of amnesia
 A - a scroll of fog
 C - 3 scrolls of magic mapping
 F - 4 scrolls of identify
 L - 4 scrolls of enchant armour
 P - 3 scrolls of enchant weapon
 S - a scroll of summoning
 T - a scroll of fear
 U - a scroll of vulnerability
Potions
 d - 4 potions of cancellation
 f - 4 potions of berserk rage
 h - 5 potions of lignification
 i - 3 potions of attraction
 j - 5 potions of brilliance
 k - 8 potions of curing
 n - 4 potions of heal wounds
 o - 3 potions of haste
 s - 4 potions of magic
 z - 7 potions of ambrosia
 E - 3 potions of might
 I - 2 potions of mutation
 V - a potion of flight {unknown}


   Skills:
 * Level 11.3 Fighting
 + Level 10.4 Short Blades
 + Level 12.5 Dodging
 + Level 17.0 Stealth
 + Level 11.7 Spellcasting
 * Level 13.5 Hexes
 + Level 7.8 Translocations
 + Level 9.5 Invocations


You had 17 spell levels left.
You knew the following spells:

 Your Spells              Type           Power      Damage    Failure   Level
a - Corona                Hex            64%        N/A       1%          1
b - Ensorcelled Hibernat  Hex/Ice        72%        N/A       1%          2
c - Confusing Touch       Hex            58%        N/A       1%          3
d - Dazzling Flash        Conj/Hex       72%        N/A       1%          3
e - Tukima's Dance        Hex            58%        N/A       1%          3
f - Blink                 Tloc           N/A        N/A       1%          2
g - Invisibility          Hex            29%        N/A       3%          6

Your spell library contained the following spells:

 Spells                   Type           Power      Damage    Failure   Level
 Apportation              Tloc           80%        N/A       1%          1
 Slow                     Hex            58%        N/A       1%          2
 Inner Flame              Hex/Fire       53%        N/A       1%          3
 Lesser Beckoning         Tloc           20%        N/A       1%          3
 Portal Projectile        Hex/Tloc       100%       N/A       1%          3
 Summon Guardian Golem    Hex/Summ       36%        N/A       1%          3
 Passage of Golubria      Tloc           N/A        N/A       2%          4
 Fulminant Prism          Conj/Hex       18%        3d11      3%          4
 Leda's Liquefaction      Hex/Erth       18%        N/A       3%          4
 Foxfire                  Conj/Fire      64%        2x1d7     6%          1
 Magic Dart               Conj           44%        1d5       6%          1
 Sandblast                Erth           22%        2d7       6%          1
 Shock                    Conj/Air       44%        1d5       6%          1
 Summon Small Mammal      Summ           44%        N/A       6%          1
 Manifold Assault         Tloc           40%        N/A       7%          5
 Call Imp                 Summ           11%        N/A       10%         2
 Corpse Rot               Necr/Air       N/A        N/A       10%         2
 Passwall                 Tmut/Erth      9%         N/A       10%         2
 Searing Ray              Conj           22%        3d3       10%         2
 Static Discharge         Conj/Air       11%        N/A       10%         2
 Sublimation of Blood     Necr           5%         N/A       10%         2
 Metabolic Englaciation   Hex/Ice        18%        N/A       11%         5
 Summon Mana Viper        Hex/Summ       36%        N/A       11%         5
 Yara's Violent Unravell  Hex/Tmut       18%        3d9       11%         5
 Call Canine Familiar     Summ           11%        N/A       19%         3
 Conjure Flame            Conj/Fire      16%        6-21      19%         3
 Frozen Ramparts          Ice            22%        1d4       19%         3
 Mephitic Cloud           Conj/Pois/Air  11%        N/A       19%         3
 Ozocubu's Armour         Ice            11%        N/A       19%         3
 Swiftness                Air            11%        N/A       19%         3
 Vampiric Draining        Necr           5%         2d6       19%         3
 Summon Forest            Summ/Tloc      12%        N/A       34%         5
 Airstrike                Air            5%         N/A       52%         4
 Dispel Undead            Necr           11%        3d9       52%         4
 Ice Form                 Ice/Tmut       11%        N/A       52%         4
 Petrify                  Tmut/Erth      11%        N/A       52%         4
 Sticky Flame             Conj/Fire      16%        2d4       52%         4
 Summon Ice Beast         Ice/Summ       11%        N/A       52%         4
 Summon Lightning Spire   Summ/Air       11%        N/A       52%         4
 Discord                  Hex            29%        N/A       83%         8
 Alistair's Intoxication  Tmut/Pois      7%         N/A       86%         5
 Bolt of Magma            Conj/Fire/Erth 8%         4d6       86%         5
 Borgnjor's Vile Clutch   Necr/Erth      5%         N/A       86%         5
 Fireball                 Conj/Fire      8%         3d6       86%         5
 Irradiate                Conj/Tmut      5%         3d15      86%         5
 Iskenderun's Battlesphe  Conj           11%        2d7       86%         5
 Lee's Rapid Deconstruct  Erth           5%         3d7*      86%         5
 Conjure Ball Lightning   Conj/Air       5%         3x3d6     100%        6
 Death Channel            Necr           5%         N/A       100%        6
 Eringya's Noxious Bog    Tmut/Pois      5%         N/A       100%        6
 Simulacrum               Ice/Necr       5%         N/A       100%        6
 Statue Form              Tmut/Erth      7%         N/A       100%        6
 Malign Gateway           Summ/Tloc      12%        N/A       100%        7
 Monstrous Menagerie      Summ           5%         N/A       100%        7
 Orb of Destruction       Conj           5%         9d2       100%        7
 Storm Form               Tmut/Air       5%         N/A       100%        7
 Summon Hydra             Summ           5%         N/A       100%        7
 Borgnjor's Revivificati  Necr           5%         N/A       100%        8
 Disjunction              Tloc           20%        N/A       100%        8
 Maxwell's Capacitive Co  Air            5%         ∞         100%        8
 Summon Horrible Things   Summ           5%         N/A       100%        8


Dungeon Overview and Level Annotations

Branches:
Dungeon (15/15)            Temple (1/1) D:7            Lair (6/6) D:10
  Swamp (0/4) Lair:3        Snake (0/4) Lair:3        Slime (0/5) Lair:5
    Orc (2/2) D:12         Vaults (0/5) D:14        Gauntlet (visited)
    Elf: Orc:2       Depths: D:15

Altars:
Cheibriados
Dithmenos
Elyvilon
Fedhas
Gozag
Hepliaklqana
Nemelex Xobeh
Okawaru
Qazlal
Ru
Trog
Vehumet
Zin
The Shining One
Beogh
Jiyva

Shops:
D:9 [!

Portals:
Trove: D:14 (give 8 potions of haste)

Annotations:
D:14 2 transporters, Myfumirch's ghost, journeyman TrMo
Lair:1 exclusion: oklob plant
Orc:2 Azrael


Innate Abilities, Weirdness & Mutations

You are very small and have problems with some larger weapons.
You are too small for most types of armour.
You have supernaturally acute eyesight. (SInv)
You cover ground extremely quickly. (Speed+++)


Message History

The fire elemental misses you.
Your Stealth skill increases to level 17!
You catch the helpless fire elemental completely off-guard!
You skewer the fire elemental like a kebab!!!
You destroy the fire elemental!
Dithmenos accepts your kill.
You flicker back into view.
Press: ? - help, v - describe, . - travel
Here: Azrael, wielding a +0 scimitar of flaming (wandering, hasn't noticed you, umbra)
The floor.
You're wearing all the rings you can.
Remove which one? (? for menu, Esc to cancel) < or
w - a +6 ring of intelligence; > or
J - a +4 ring of protection You remove your +4 ring of protection.
Azrael gestures at you.
The sphere of damnation explodes!
The damnation engulfs you!!
* * * LOW HITPOINT WARNING * * *
You hear a howl!
You feel more attuned to fire.
K - a ring of fire (right hand)
Okay, then.
Unknown command.
Casting: Ensorcelled Hibernation (safe; 1% risk of failure)
Confirm with . or Enter, or press ? or * to list all spells.
Okay, then.
Unknown command.
You don't have enough magic at the moment.
You feel much better.
You see here 27 gold pieces.
Azrael gestures at you.
The fireball explodes!
The fireball engulfs you! You resist.
You hear a shout!
You hear a howl!
You hear a shout! x3
A warg comes into view.
The warg completely misses you.
Found 35 gold pieces.
An ogre comes into view. It is wielding a +0 giant spiked club.
A warg comes into view.
Azrael gestures at you.
The sphere of damnation explodes!
The damnation engulfs you!!!
You die...

##.#..##....#
##.<.........# ..
##.....)......######..#
##....##.<............h..
#.......#).#.......O.....
#......$)...............
#.○.....)..............
.###°...)...............$
.....☼†R.......@........#
......○†°................
.........°......h........
.#........R..............
#...........##..........
..........$...#..........
.........................
...........##............
.....#...........#.......


You could see Azrael, 2 wargs and an ogre.

Vanquished Creatures
  Gastronok (D:11)
  A minotaur (Gauntlet)
  A fire dragon (Lair:6)
  A vault guard (D:14)
  9 hydras
  Harold (D:8)
  An ogre mage (Orc:1)
  3 boulder beetles
  2 centaur warriors
  2 death knights (D:14)
  A catoblepas (Lair:6)
  13 two-headed ogres
  A deep elf knight (D:14)
  Urug (D:11)
  A fire crab (Gauntlet)
  4 skeletal warriors (D:14)
  Pikel (D:7)
  4 orc knights
  3 wizards (D:14)
  A lindwurm (Lair:6)
  A necromancer (D:14)
  3 deep elf pyromancers
  A manticore (D:15)
  An ugly thing (D:13)
  3 cyclopes
  An orc sorcerer (Orc:1)
  10 black mambas
  8 elephants
  Joseph (D:7)
  2 molten gargoyles (Lair:6)
  2 torpor snails
  19 cane toads
  Maggie (D:7)
  2 unseen horrors (D:12)
  7 rime drakes
  2 kobold demonologists
  2 freezing wraiths
  12 komodo dragons
  5 trolls
  A polar bear (Lair:4)
  A queen bee (D:9)
  11 blink frogs (Lair:6)
  2 slime creatures (D:12)
  Prince Ribbit (D:7)
  5 dream sheep (Lair:6)
  Sigmund (D:4)
  6 shadows (Gauntlet)
  2 water elementals (D:15)
  60 yaks
  4 fire elementals (Orc:2)
  8 wraiths
  17 humans (D:14)
  13 wyverns
  A vampire (D:13)
  2 fire bats (Gauntlet)
  A human (shapeshifter) (D:15)
  Eustachio (D:4)
  13 basilisks
  5 steam dragons
  18 vampire mosquitoes
  4 wargs (Orc:1)
  11 hell hounds
  4 acid dragons
  20 water moccasins
  A black bear (D:6)
  16 orc warriors
  2 sky beasts (D:6)
  2 hornet zombies
  3 necrophages
  5 ogres
  17 wolves
  6 centaurs
  2 kobold brigands
  12 bullfrogs
  2 gnoll sergeants
  A scorpion (D:6)
  A wyvern skeleton (D:7)
  25 killer bees
  A water moccasin skeleton (D:5)
  5 spriggan skeletons (D:12)
  A troll skeleton (D:12)
  7 wights
  An electric eel (Lair:6)
  5 lava snakes (Lair:6)
  6 centaur zombies
  3 bullfrog skeletons
  A centaur skeleton (D:4)
  A hound (D:6)
  7 orc priests
  4 iguanas
  5 hell rats (Lair:6)
  Natasha (thrice) (D:3)
  8 orc wizards
  Terence (D:3)
  2 howler monkey zombies (D:8)
  11 gnolls
  2 adders
  A howler monkey skeleton (D:4)
  A white imp (D:7)
  3 ufetubi
  An adder skeleton (D:4)
  A worm (D:3)
  2 dart slugs
  31 orcs
  3 endoplasms
  7 giant cockroaches
  6 goblins
  2 hobgoblins
  11 jackals
  8 quokkas
  4 ball pythons
  7 bats
  4 frilled lizards
  16 kobolds
  5 rats
  A butterfly (Lair:1)
630 creatures vanquished.

Vanquished Creatures (others)
  5 dancing weapons
  An orc (Orc:1)
  A bush (Lair:6)
  26 fungi
  69 plants
102 creatures vanquished.

Grand Total: 732 creatures vanquished

Notes
Turn   | Place    | Note
-------+----------+-------------------------------------------
     0 | D:1      | Nosferatu13666 the Spriggan Enchanter began the quest for
                  | the Orb.
     0 | D:1      | Reached XP level 1. HP: 9/9 MP: 5/5
   115 | D:1      | Reached XP level 2. HP: 13/13 MP: 6/6
  1874 | D:2      | Learned a level 2 spell: Ensorcelled Hibernation
  1908 | D:2      | Reached XP level 3. HP: 15/17 MP: 2/8
  2236 | D:2      | Reached skill level 1 in Fighting
  2718 | D:3      | Noticed Natasha
  2724 | D:3      | Killed Natasha
  2725 | D:3      | Reached XP level 4. HP: 22/22 MP: 6/9
  2738 | D:3      | Noticed Natasha
  2744 | D:3      | Killed Natasha
  2745 | D:3      | Reached skill level 1 in Invocations
  2820 | D:3      | Noticed Natasha
  2824 | D:3      | Killed Natasha
  3161 | D:3      | Reached skill level 5 in Stealth
  3161 | D:3      | Reached XP level 5. HP: 22/26 MP: 11/11
  3454 | D:3      | You fall into a shaft and drop 3 floors!
  3474 | D:6      | Noticed a sky beast
  3613 | D:6      | Noticed a sky beast
  3641 | D:6      | Killed a sky beast
  3650 | D:6      | Killed a sky beast
  3651 | D:6      | Reached XP level 6. HP: 14/32 MP: 4/12
  3876 | D:6      | Learned a level 3 spell: Confusing Touch
  3880 | D:6      | Learned a level 3 spell: Dazzling Flash
  3884 | D:6      | Learned a level 3 spell: Tukima's Dance
  4314 | D:6      | Reached skill level 5 in Hexes
  4375 | D:5      | Entered Level 5 of the Dungeon
  4425 | D:5      | Reached XP level 7. HP: 35/35 MP: 10/14
  4765 | D:3      | Noticed Terence
  4770 | D:3      | Killed Terence
  4960 | D:4      | Noticed Eustachio
  5017 | D:3      | Reached skill level 6 in Stealth
  5338 | D:4      | Killed Eustachio
  5461 | D:4      | Reached skill level 5 in Dodging
  5753 | D:4      | Noticed Sigmund
  5759 | D:4      | Killed Sigmund
  5760 | D:4      | Reached XP level 8. HP: 42/42 MP: 13/16
  5859 | D:4      | Reached skill level 5 in Spellcasting
  7029 | D:6      | Reached skill level 7 in Stealth
  7883 | D:7      | Found a snail-covered altar of Cheibriados.
  7981 | D:7      | Noticed Maggie
  7988 | D:7      | Killed Maggie
  7989 | D:7      | Reached XP level 9. HP: 46/46 MP: 15/18
  8104 | D:7      | Noticed Pikel
  8365 | D:7      | Reached skill level 8 in Stealth
  8389 | D:7      | Reached skill level 5 in Fighting
  8531 | D:7      | Noticed Joseph
  8532 | D:7      | Noticed Prince Ribbit
  8537 | D:7      | Killed Joseph
  8542 | D:7      | Killed Prince Ribbit
  8610 | D:7      | Reached skill level 5 in Short Blades
  8860 | D:7      | Found a staircase to the Ecumenical Temple.
  8870 | D:7      | Killed Pikel
  8871 | D:7      | Reached skill level 9 in Stealth
  8875 | Temple   | Entered the Ecumenical Temple
  8908 | Temple   | Became a worshipper of Dithmenos the Shadowed
  9548 | D:8      | Found a radiant altar of Vehumet.
  9826 | D:8      | Noticed Harold
  9838 | D:8      | Killed Harold
  9839 | D:8      | Reached XP level 10. HP: 34/53 MP: 10/21
 10205 | D:8      | Reached skill level 10 in Stealth
 10540 | D:9      | Found Dasev's Distillery.
 11145 | D:9      | Found an iron altar of Okawaru.
 11151 | D:9      | Reached * piety under Dithmenos
 11152 | D:9      | Reached skill level 5 in Invocations
 11551 | D:9      | Found Builayv's Antique Armour Boutique.
 11557 | D:9      | Bought a tattered robe for 176 gold pieces
 11557 | D:9      | Identified the +0 robe of Demonic Joy {-Cast rPois Will+
                  | Str+2} (You bought it in a shop on level 9 of the Dungeon)
 11567 | D:9      | Noticed a two-headed ogre
 11574 | D:9      | Killed a two-headed ogre
 11575 | D:9      | Reached skill level 11 in Stealth
 12176 | D:9      | Reached ** piety under Dithmenos
 12249 | D:9      | Reached XP level 11. HP: 58/58 MP: 20/23
 12613 | D:9      | Identified a scroll of acquirement
 12613 | D:9      | Acquired a +1 cloak of poison resistance
 12699 | D:10     | Entered Level 10 of the Dungeon
 13027 | D:10     | Reached skill level 12 in Stealth
 13440 | D:10     | Found a staircase to the Lair.
 14366 | D:10     | Found a stormy altar of Qazlal.
 14371 | D:10     | Found a hazy altar of Hepliaklqana.
 14374 | D:10     | Found a blossoming altar of Fedhas.
 14655 | D:11     | Noticed a boulder beetle
 14659 | D:11     | Killed a boulder beetle
 14739 | D:11     | Reached *** piety under Dithmenos
 14938 | D:11     | Noticed a two-headed ogre
 14938 | D:11     | Noticed a two-headed ogre
 14969 | D:11     | Killed a two-headed ogre
 15021 | D:11     | Killed a two-headed ogre
 15022 | D:11     | Reached skill level 13 in Stealth
 15094 | D:11     | Noticed a boulder beetle
 15100 | D:11     | Killed a boulder beetle
 15114 | D:11     | Noticed a two-headed ogre
 15141 | D:11     | Killed a two-headed ogre
 15142 | D:11     | Reached XP level 12. HP: 37/64 MP: 13/25
 15512 | D:11     | Noticed Urug
 15516 | D:11     | Killed Urug
 15880 | D:11     | Noticed Gastronok
 15889 | D:11     | Killed Gastronok
 16010 | D:12     | Found a staircase to the Orcish Mines.
 16513 | D:12     | Noticed a two-headed ogre
 16514 | D:12     | Reached skill level 14 in Stealth
 16539 | D:12     | Killed a two-headed ogre
 16658 | D:12     | Noticed a six-headed hydra
 16684 | D:12     | Killed a six-headed hydra
 16841 | D:12     | Noticed a two-headed ogre
 16991 | D:12     | Killed a two-headed ogre
 17397 | D:12     | Reached skill level 10 in Dodging
 17416 | D:12     | Reached **** piety under Dithmenos
 17704 | Lair:1   | Entered Level 1 of the Lair of Beasts
 17915 | Lair:1   | Found an opulent altar of Gozag.
 18144 | Lair:1   | Reached skill level 10 in Hexes
 18327 | Lair:1   | Reached XP level 13. HP: 65/70 MP: 14/27
 18544 | Lair:1   | Reached skill level 15 in Stealth
 19348 | Lair:2   | Found a gate leading to a gauntlet.
 19369 | Gauntlet | Entered a Gauntlet
 19369 | Gauntlet | Found a transporter.
 19376 | Gauntlet | Found a transporter.
 19378 | Gauntlet | Found a transporter.
 19392 | Gauntlet | Found a transporter.
 19396 | Gauntlet | Found a transporter.
 19404 | Gauntlet | Found a transporter.
 19420 | Gauntlet | Found a transporter.
 19431 | Gauntlet | Found a transporter.
 19434 | Gauntlet | Found a runed translucent gate.
 19434 | Gauntlet | Found a runed translucent gate.
 19434 | Gauntlet | Found a runed translucent gate.
 19442 | Gauntlet | Found a transporter.
 19443 | Gauntlet | Found a runed translucent door.
 19445 | Gauntlet | Found a runed translucent door.
 19457 | Gauntlet | Found a transporter.
 19469 | Gauntlet | Found a transporter.
 19473 | Gauntlet | Found a transporter.
 19513 | Gauntlet | Found a transporter.
 19527 | Gauntlet | Found a transporter.
 19759 | Gauntlet | Reached ***** piety under Dithmenos
 20270 | Gauntlet | Identified the amulet "Toqiom" {Spirit Str+4 Int-5 Dex+6}
 20298 | Gauntlet | Identified the +9 quarterstaff of Big Damage {vorpal, Fly
                  | rCorr Str+4}
 20298 | Gauntlet | Noticed a minotaur
 20314 | Gauntlet | Killed a minotaur
 20331 | Gauntlet | Got the Disquisition on the Warped Arsonist
 20336 | Gauntlet | Got Jyowk's Papyrus of the Traveller and Flames
 20456 | Lair:2   | Learned a level 2 spell: Blink
 20463 | Lair:2   | Learned a level 6 spell: Invisibility
 20915 | Lair:2   | You fall into a shaft and drop 2 floors!
 20955 | Lair:4   | Reached skill level 1 in Translocations
 21010 | Lair:4   | Reached skill level 10 in Spellcasting
 21574 | Lair:4   | Got the Collected Works on Unholy Changing
 22038 | Lair:3   | Found a staircase to the Snake Pit.
 22715 | Lair:3   | Found a staircase to the Swamp.
 23692 | Lair:5   | Reached skill level 10 in Fighting
 23818 | Lair:5   | Reached XP level 14. HP: 77/77 MP: 29/29
 24053 | Lair:5   | Found a hazy altar of Hepliaklqana.
 24179 | Lair:5   | You fall into a shaft and drop 1 floor!
 24179 | Lair:6   | Entered Level 6 of the Lair of Beasts
 24706 | Lair:6   | Reached skill level 16 in Stealth
 25105 | Lair:6   | Reached skill level 5 in Translocations
 25169 | Lair:6   | Found a large runed translucent door.
 25169 | Lair:6   | Found a large runed translucent door.
 25318 | Lair:6   | Reached ****** piety under Dithmenos
 27173 | Lair:5   | You fall into a shaft and drop 1 floor!
 27291 | Lair:5   | Found a viscous altar of Jiyva.
 27291 | Lair:5   | Found a staircase to the Slime Pits.
 28586 | D:14     | Found a transporter.
 28601 | D:14     | Found a transporter.
 28601 | D:14     | Noticed Myfumirch's ghost (journeyman TrMo)
 28696 | D:14     | Reached skill level 10 in Short Blades
 28699 | D:14     | Reached XP level 15. HP: 81/81 MP: 31/31
 28814 | D:14     | Acquired a Grand Grimoire
 29096 | D:14     | Found a portal to a secret trove of treasure.
 29108 | D:14     | Found a glowing golden altar of the Shining One.
 29766 | D:14     | Found a gate to the Vaults.
 30403 | D:14     | Noticed a quicksilver dragon
 30411 | D:14     | Noticed a fenstrider witch
 30411 | D:14     | a quicksilver dragon changed into a fenstrider witch
 30413 | D:14     | a fenstrider witch changed into an iron troll
 30431 | D:14     | Noticed an azure jelly
 30447 | D:15     | Entered Level 15 of the Dungeon
 30542 | D:14     | Noticed a quicksilver dragon
 30549 | D:14     | Noticed a fenstrider witch
 30549 | D:14     | a quicksilver dragon changed into a fenstrider witch
 30552 | D:14     | a fenstrider witch changed into a dire elephant
 30557 | D:14     | Noticed a fenstrider witch
 30557 | D:14     | an iron troll changed into a fenstrider witch
 30560 | D:14     | Noticed a fire giant
 30560 | D:14     | a fenstrider witch changed into a fire giant
 30565 | D:14     | Noticed a frost giant
 30565 | D:14     | a fire giant changed into a frost giant
 30570 | D:14     | Noticed a shadow dragon
 30570 | D:14     | a frost giant changed into a shadow dragon
 30573 | D:14     | Noticed a titan
 30573 | D:14     | a shadow dragon changed into a titan
 30574 | D:14     | Noticed a juggernaut
 30574 | D:14     | a titan changed into a juggernaut
 30575 | D:14     | Noticed a golden dragon
 30575 | D:14     | a juggernaut changed into a golden dragon
 30582 | D:14     | Noticed an iron dragon
 30582 | D:14     | a golden dragon changed into an iron dragon
 32059 | D:14     | Noticed a shadow dragon
 32059 | D:14     | an iron dragon changed into a shadow dragon
 32063 | D:14     | Noticed an acid blob
 32119 | Orc:1    | Entered Level 1 of the Orcish Mines
 33244 | Orc:2    | Entered Level 2 of the Orcish Mines
 33253 | Orc:2    | Noticed Azrael
 33279 | Orc:2    | Reached skill level 17 in Stealth
 33295 | Orc:2    | Killed from afar by Azrael

Illustrated notes

Levels and vault maps discovered:
D:1:      sevenhm_arrival_forest_fort_small_4, layout_loops_corners
D:2:      layout_basic, ebering_ecumenical_altar_rust
D:3:      layout_loops_cross, minmay_surrounded, uniq_natasha, uniq_terence
D:4:      layout_cave_pools, uniq_eustachio, uniq_sigmund
D:5:      layout_loops_ring, gup_sewer_entry_pipe, corexii_shack
D:6:      layout_basic, hangedman_decor_riveting, grunt_ministairs_5,
          minmay_misc_feat_ornament
D:7:      layout_loops_corners, cheibriados_altar_1,
          minmay_temple_entry_drinking_statues, uniq_maggie, uniq_joseph,
          uniq_pikel, uniq_prince_ribbit1
D:8:      layout_gridville, nicolae_vehumet_altar_sigil, uniq_harold
D:9:      layout_loops_ring, okawaru_metal_pillars_1_2, serial_shops, shop,
          eino_small_chamber_without_monster, nicolae_stop_n_shop_1, minivault_7
D:10:     minmay_weird_star, layout_irregular_city,
          minmay_overflow_temple_star_quad, dpeg_oklobed_lair, serial_undead,
          serial_undead_d, serial_undead_e, serial_undead_c, serial_undead_c,
          serial_undead_c, serial_undead_a, serial_undead_f
D:11:     layout_grid_maze, uniq_urug, uniq_gastronok
D:12:     layout_loops_ring, orc_0_dummy, hangedman_tell_no_tales
D:13:     layout_loops_cross
D:14:     layout_irregular_city, grunt_vaults_entry_tiered,
          gammafunk_ghost_arena, enter_trove_2, tso_metal_star
D:15:     gammafunk_enter_depths_forms, layout_basic
Temple:   regret_index_temple_sphere_string
Lair:1:   layout_roguey, lemuel_oklob_altar, infiniplex_staircase_pool,
          grunt_megastairs_5, lemuel_fruit_fields, serial_bayou_shore_a
Lair:2:   layout_loops_ring, serial_forest, infiniplex_forest_lined_2,
          infiniplex_forest_lined_2, infiniplex_forest_lined_4_way,
          infiniplex_forest_end_2, infiniplex_forest_clump_curved,
          infiniplex_forest_3_way, infiniplex_forest_split,
          infiniplex_forest_lined_2, infiniplex_forest_lined_room_,
          gauntlet_entry_generic
Lair:3:   layout_chaotic_city, swamp_mist, minmay_snake_entry_six_corridors
Lair:4:   layout_misc_corridors, beast_lair_carwin_2
Lair:5:   layout_hall_layers, slime_altar_1, basic_altar,
          chequers_serial_rivers_micro_d, chequers_serial_rivers_micro_d,
          grunt_megastairs_1
Lair:6:   cheibrodos_lair_end_hotspot, layout_small_grid, special_room
          [special_room_mythical_zoo], nicolae_quartered_pool_medium,
          serial_bayou_shore_b, lemuel_fruit_tree, serial_bayou_shore_b
Orc:1:    layout_diamond_mine, mines2_david
Orc:2:    st_orc_town, layout_caves, portal_ice_cave_entry_imps, uniq_azrael

Skill      XL: |  1  2  3  4  5  6  7  8  9 10 11 12 13 14 15 |
---------------+----------------------------------------------+-----
Hexes          | 4 5 6 7 8 9 10 11 12 13 | 13.5
Dodging        | 3 4 5 6 7 8 9 10 11 12 | 12.5
Spellcasting   | 3 4 5 6 7 8 9 10 11 | 11.7
Fighting       | 1 2 3 4 5 6 8 9 10 11 | 11.3
Invocations    | 1 2 3 4 5 6 7 8 9 |  9.5
Stealth        | 5 6 7 9 11 13 14 15 16 17 | 17.0
Short Blades   | 2 3 4 5 6 7 8 9 10 | 10.4
Translocations | 3 6 7 |  7.8

Action                   |  1- 3 |  4- 6 |  7- 9 | 10-12 | 13-15 || total
-------------------------+-------+-------+-------+-------+-------++-------
Melee: Dagger            |   164 |   103 |   309 |   421 |   890 ||  1887
 Cast: Corona            |    19 |       |       |       |       ||    19
       Ensorcelled Hiber |    16 |    26 |    41 |   219 |   299 ||   601
       Confusing Touch   |       |     1 |    17 |    29 |    49 ||    96
       Tukima's Dance    |       |       |     4 |       |    33 ||    37
       Dazzling Flash    |       |       |       |       |     8 ||     8
       Invisibility      |       |       |       |       |     8 ||     8
       Blink             |       |       |       |       |     1 ||     1
Invok: Shadow Step       |       |       |       |       |     1 ||     1
Evoke: Wand              |       |       |       |     2 |     1 ||     3
  Use: Scroll            |     1 |     2 |     7 |     7 |    15 ||    32
       Potion            |       |       |       |     1 |     1 ||     2
 Stab: Sleeping          |    20 |    15 |    38 |   128 |   232 ||   433
       Confused          |       |     2 |    20 |    30 |    54 ||   106
       Distracted        |       |       |     1 |       |     6 ||     7
       Invisible         |       |       |       |       |    54 ||    54
Armor: Robe              |    28 |    21 |    31 |       |       ||    80
       Steam dragon scal |       |       |     3 |    47 |    85 ||   135
Dodge: Dodged            |   146 |    86 |   253 |   452 |   890 ||  1827

Table legend: (Time is in decaauts)
 A = Elapsed time spent in this place.
 B = Non-inter-level travel time spent in this place.
 C = Inter-level travel time spent in this place.
 D = Time resting spent in this place.
 E = Time spent auto-exploring this place.
 F = Levels seen in this place.
 G = Mean time per level.
                   A        B        C        D        E       F      G
               +--------+--------+--------+--------+--------+-----+--------+
         Total |  25065 |  24011 |   1054 |   1179 |  17559 |  25 | 1002.6 |
       Dungeon |  16772 |  15989 |    783 |    938 |  11677 |  15 | 1118.1 |
        Temple |     37 |     24 |     13 |      0 |     18 |   1 |   37.0 |
          Lair |   6524 |   6288 |    236 |      3 |   4899 |   6 | 1087.3 |
  Orcish Mines |    899 |    879 |     20 |    147 |    504 |   2 |  449.5 |
      Gauntlet |    831 |    831 |      0 |     90 |    459 |   1 |  831.0 |
               +--------+--------+--------+--------+--------+-----+--------+

Top non-repeatable levels by time:
  Lair:6: 2321 daAuts
    D:14: 1617 daAuts
     D:9: 1560 daAuts
    D:10: 1530 daAuts
     D:1: 1313 daAuts
    D:12: 1300 daAuts
     D:6: 1259 daAuts
     D:7: 1227 daAuts
    D:11: 1208 daAuts
    D:15: 1021 daAuts
  Lair:2: 1016 daAuts
     D:3: 1009 daAuts
  Lair:1: 953 daAuts
  Lair:3: 915 daAuts
     D:4: 877 daAuts
